 Dungeon Crawl Stone Soup version 0.28.0-47-ge53b351184 (webtiles) character file.

Game seed: 5745504998329502325

116684 Icepheonix32 the Gelid (level 16, -3/116 HPs)
             Began as a Demonspawn Ice Elementalist on May 5, 2022.
             Was a Follower of Uskayaw.
             Slain by a spriggan rider
             ... wielding a +0 spear
              (19 damage)
             ... on level 1 of the Swamp on May 6, 2022.
             The game lasted 01:47:03 (33270 turns).

Icepheonix32 the Gelid (DsIE)                      Turns: 33270, Time: 01:47:04

Health: -3/116     AC: 31    Str: 12    XL:     16   Next: 21%
Magic:  4/30       EV: 17    Int: 19    God:    Uskayaw [*.....]
Gold:   2651       SH: 13    Dex: 24    Spells: 5/36 levels left

rFire   x . .      SeeInvis .   N - +5 dagger "Urafoleo" {vorpal, rN+ Str-3 Int+2 Dex+3}
rCold   + . .      Faith    +   K - +2 buckler
rNeg    + + .      Spirit   .   b - +5 steam dragon scales
rPois   .          Reflect  .   x - +1 helmet
rElec   .          Harm     .   A - +2 cloak {rCorr}
rCorr   +          Rampage  .   i - +2 pair of gloves
Will    ++...                   Q - +1 pair of boots
Stlth   +++.......              E - amulet of faith
HPRegen 0.29/turn               P - ring of ice
MPRegen 0.22/turn               q - ring of Scepticism {rN+ Will+ Str+6}

@: lethally poisoned (-3 -> -26), ice-armoured, about to teleport, very slightly
contaminated, very slow
A: claws 2, large bone plates 2, robust 1, spiny 2, demonic magic 2
a: Renounce Religion, Stomp


You were on level 1 of the Swamp.
You worshipped Uskayaw.
Uskayaw was aware of your devotion.
You visited 5 branches of the dungeon, and saw 25 of its levels.
You visited the Abyss 1 time.
You also visited: Bailey.

You collected 3615 gold pieces.
You spent 964 gold pieces at shops.

Inventory:

Hand Weapons
 J - a +3 hunting sling
 N - the +5 dagger "Urafoleo" (weapon) {vorpal, rN+ Str-3 Int+2 Dex+3}
   (You bought it in a shop on level 8 of the Dungeon)

   It inflicts extra damage upon your enemies.
   Str:       It affects your strength (-3).
   Int:       It affects your intelligence (+2).
   Dex:       It affects your dexterity (+3).
   rN:        It protects you from negative energy.
 S - a +1 dagger of draining
 T - a +6 vampiric dagger
Missiles
 j - 6 throwing nets
 o - 19 boomerangs
 p - 11 datura-tipped darts
 I - 6 boomerangs of dispersal
 R - 8 curare-tipped darts
Armour
 b - +5 steam dragon scales (worn)
 e - a +2 robe of positive energy
 i - a +2 pair of gloves (worn)
 x - a +1 helmet (worn)
 A - a +2 cloak of preservation (worn)
 D - a +2 robe of willpower
 K - a +2 buckler (worn)
 Q - a +1 pair of boots (worn)
 V - a +1 robe of fire resistance
Jewellery
 l - a ring of see invisible
 q - the ring of Scepticism (right hand) {rN+ Will+ Str+6}
   (You took it off a centaur warrior on level 9 of the Dungeon)

   [ring of strength]

   Str:       It affects your strength (+6).
   rN:        It protects you from negative energy.
   Will:      It increases your willpower.
 E - an amulet of faith (around neck)
 P - a ring of ice (left hand)
 W - the ring "Daiff" {Str+5 Int-3 Dex+6}
   (You found it on level 4 of the Lair of Beasts)

   [ring of dexterity]

   Str:       It affects your strength (+5).
   Int:       It affects your intelligence (-3).
   Dex:       It affects your dexterity (+6).
Wands
 d - a wand of paralysis (6)
 k - a wand of digging (19)
 t - a wand of flame (8)
 w - a wand of acid (24)
 F - a wand of mindburst (27)
 L - a wand of iceblast (34)
Scrolls
 m - 4 scrolls of fog
 r - 5 scrolls of fear
 s - 4 scrolls of teleportation
 v - 9 scrolls of identify
 y - a scroll of summoning
 U - a scroll of magic mapping
 Z - a scroll of amnesia
Potions
 a - a potion of invisibility
 f - 2 potions of might
 g - 13 potions of curing
 h - a potion of brilliance
 n - a potion of berserk rage
 u - 5 potions of haste
 z - 2 potions of magic
 B - 2 potions of ambrosia
 G - 3 potions of cancellation
 M - 3 potions of heal wounds
 O - 4 potions of mutation
 X - 4 potions of lignification
 Y - a potion of resistance
Miscellaneous
 c - a box of beasts
 H - a phantom mirror


   Skills:
 + Level 4.2 Fighting
 + Level 5.1 Short Blades
 + Level 1.7(2.0) Slings
 + Level 1.3(1.8) Throwing
 + Level 7.1 Dodging
 + Level 13.8 Stealth
 + Level 1.5 Shields
 + Level 10.5 Spellcasting
 + Level 5.8 Conjurations
 * Level 9.3 Necromancy
 * Level 15.8 Ice Magic
 + Level 2.6 Air Magic
 + Level 2.2 Poison Magic
 * Level 10.7 Invocations
 + Level 0.6 Evocations


You had 5 spell levels left.
You knew the following spells:

 Your Spells              Type           Power      Damage    Failure   Level
a - Freeze                Ice            100%       1d11      0%          1
b - Ozocubu's Armour      Ice            81%        N/A       1%          3
c - Frozen Ramparts       Ice            100%       1d12      1%          3
d - Hailstorm             Conj/Ice       67%        3d14      1%          4
e - Freezing Cloud        Conj/Ice/Air   28%        6-21      10%         5
f - Simulacrum            Ice/Necr       36%        N/A       9%          6
g - Corpse Rot            Necr/Air       64%        N/A       1%          2
h - Mephitic Cloud        Conj/Pois/Air  23%        N/A       6%          3
i - Dispel Undead         Necr           45%        3d17      1%          4

Your spell library contained the following spells:

 Spells                   Type           Power      Damage    Failure   Level
 Magic Dart               Conj           100%       1d8       1%          1
 Searing Ray              Conj           64%        2d6       1%          2
 Static Discharge         Conj/Air       26%        N/A       2%          2
 Ice Form                 Ice/Tmut       56%        N/A       3%          4
 Summon Ice Beast         Ice/Summ       56%        N/A       3%          4
 Poisonous Vapours        Pois/Air       38%        N/A       5%          2
 Sting                    Tmut/Pois      56%        1d5       6%          1
 Apportation              Tloc           20%        N/A       10%         1
 Summon Small Mammal      Summ           40%        N/A       10%         1
 Metabolic Englaciation   Hex/Ice        28%        N/A       10%         5
 Blink                    Tloc           20%        N/A       14%         2
 Ignite Poison            Fire/Tmut/Pois 12%        N/A       21%         3
 Call Canine Familiar     Summ           10%        N/A       28%         3
 Inner Flame              Hex/Fire       10%        N/A       28%         3
 Portal Projectile        Hex/Tloc       20%        N/A       28%         3
 Summon Guardian Golem    Hex/Summ       10%        N/A       28%         3
 Fulminant Prism          Conj/Hex       10%        3d9       28%         4
 Sticky Flame             Conj/Fire      21%        2d4       28%         4
 Olgreb's Toxic Radiance  Pois           18%        N/A       36%         4
 Fireball                 Conj/Fire      10%        3d6       61%         5
 Cause Fear               Hex            5%         N/A       67%         4
 Leda's Liquefaction      Hex/Erth       5%         N/A       67%         4
 Petrify                  Tmut/Erth      10%        N/A       67%         4
 Alistair's Intoxication  Tmut/Pois      9%         N/A       86%         5
 Manifold Assault         Tloc           10%        N/A       95%         5
 Ozocubu's Refrigeration  Ice            40%        4d13      12%         7
 Conjure Ball Lightning   Conj/Air       13%        3x3d6     94%         6
 Starburst                Conj/Fire      10%        6d5       99%         6
 Statue Form              Tmut/Erth      6%         N/A       100%        6
 Malign Gateway           Summ/Tloc      5%         N/A       100%        7
 Storm Form               Tmut/Air       7%         N/A       100%        7
 Discord                  Hex            5%         N/A       100%        8
 Disjunction              Tloc           5%         N/A       100%        8
 Ignition                 Fire           5%         3d4       100%        8
 Summon Horrible Things   Summ           5%         N/A       100%        8
 Polar Vortex             Ice            40%        N/A       100%        9


Dungeon Overview and Level Annotations

Branches:
Dungeon (15/15)            Temple (1/1) D:4            Lair (6/6) D:9
  Swamp (1/4) Lair:2       Spider (0/4) Lair:2        Slime (0/5) Lair:6
    Orc (2/2) D:9             Elf (0/3) Orc:2        Vaults (0/5) D:14
 Depths (0/4) D:15         Bailey (visited)

Altars:
Ashenzari
Cheibriados
Dithmenos
Elyvilon
Kikubaaqudgha
Okawaru
Qazlal
Ru
Sif Muna
Trog
Uskayaw
Vehumet
Wu Jian
Xom
Yredelemnul
The Shining One
Beogh

Shops:
D:1 :   D:4 (   D:8 (   D:9 *   D:15 [   Orc:1 (   Orc:2 [(=![

Annotations:
Lair:6 2 transporters, Comi's ghost, journeyman TeBe


Innate Abilities, Weirdness & Mutations

You have very sharp fingernails.
You are mostly covered in large bone plates. (SH +6)
You are robust. (+10% HP)
You are mostly covered in sharp spines.
Spells you cast may paralyse nearby enemies.


Message History

The ghost crab breathes spectral mist at you.
The spectral mist engulfs the goliath frog but does no damage.
Unknown command.
Unknown command.
Casting: Ozocubu's Armour (safe; 1% risk of failure)
Confirm with . or Enter, or press ? or * to list all spells.
Aiming: Freezing Cloud (dangerous; 10% risk of failure)
Press: ? - help, Dir - move target You feel a surge of power!
That beam is likely to hit you.
Continue anyway?
You miscast Freezing Cloud.
You are very lightly contaminated with residual magic.
Nothing appears to happen.
You block the fenstrider witch's attack.
The fenstrider witch barely misses you.
The goliath frog is engulfed in spectral mist.
The spriggan rider is engulfed in freezing vapours.
The goliath frog is engulfed in freezing vapours.
The spriggan rider is engulfed in freezing vapours.
The fenstrider witch casts a spell at you.
The toxic sludge hits you!
You are poisoned.
* * * LOW HITPOINT WARNING * * *
Splash!
You fall into the toxic bog.
Moving in this stuff is going to be slow.
Unknown command.
Unknown command.
Casting: Freezing Cloud (dangerous; 10% risk of failure)
Confirm with . or Enter, or press ? or * to list all spells.
You don't have enough magic to cast this spell.
Your icy armour will break if you move.
Continue?
Okay, then.
As you read the scroll of teleportation, it crumbles to dust.
You feel strangely unstable.
You fester in the toxic bog!
You are more poisoned.
* * * LOW HITPOINT WARNING * * *
x2 You feel extremely sick.
The spriggan rider hits you from afar with a +0 spear!!
You die...

≈..♣≈♣♣♣♣♣♣≈.≈≈≈≈....
♣♣.≈...♣♣.≈≈≈≈≈≈≈...♣
♣♣.≈≈..≈♣.§≈≈§≈≈≈..♣♣≈.
....≈≈.♣♣.≈≈≈§≈≈..♣♣≈≈
≈......♣♣.≈≈≈≈≈.....≈
≈....≈♣...§§≈≈......♣
≈....≈♣≈≈≈..≈..≈♣♣♣§♣♣♣
...≈.♣♣≈.........≈.≈○§♣
≈.≈≈≈♣♣≈.....♣..@≈i§☼○♣
≈>.≈.♣♣≈....♣♣♣♣H..F§♣☼Z
≈.≈.§≈.≈≈≈≈♣♣
♣...♣♣♣t§§.i..
♣♣♣♣♣♣.§≈≈≈♣ ♣≈≈♣♣
♣.§.#.÷ ♣ ♣♣.≈≈≈♣ ♣≈..♣
≈..# ♣♣..♣♣ ♣..♣≈ ≈.?.
♣♣♣ ♣.≈≈ . ....# .§.≈. .
.... ≈..≈≈ ≈≈ ....


You could see a fenstrider witch, a spriggan rider, a ghost crab, a spectral
alligator snapping turtle (summoned) and a goliath frog.

Vanquished Creatures
  Rupert (Orc:2)
  Jorgrun (D:12)
  A very ugly thing (D:15)
  The ghost of amijlee the Fighter, a journeyman DDFi of Makhleb (Lair:4)
  A bunyip (Swamp:1)
  A dire elephant (D:15)
  An ettin (Orc:2)
  Josephine (Lair:4)
  4 vault guards (D:14)
  Harold (D:8)
  2 ogre magi (Orc:2)
  A boulder beetle (D:14)
  8 hydras
  A catoblepas (D:12)
  5 two-headed ogres
  11 death yaks (Lair:6)
  An alligator (Swamp:1)
  6 centaur warriors
  Erica (D:9)
  2 tengu warriors
  An orc high priest (Orc:2)
  A fire crab (shapeshifter) (D:15)
  4 fire crabs
  A skeletal warrior (D:12)
  A goliath frog (Swamp:1)
  2 swamp dragons (Swamp:1)
  An orb spider (Lair:2)
  A wizard (D:9)
  Pikel (D:7)
  11 orc sorcerers
  5 orc knights
  3 deep elf pyromancers
  10 ugly things
  An oklob plant (Lair:2)
  4 wolf spiders
  A will-o-the-wisp (Swamp:1)
  7 cyclopes
  5 manticores
  A black mamba (shapeshifter) (D:15)
  6 black mambas
  Joseph (D:7)
  10 elephants
  Maurice (Orc:1)
  2 guardian serpents (shapeshifter)
  Maggie (D:7)
  2 unseen horrors (D:12)
  16 cane toads
  2 rime drakes (Lair:6)
  3 kobold demonologists
  2 efreet
  A tengu conjurer (D:15)
  9 komodo dragons
  A freezing wraith (D:15)
  5 trolls
  A polar bear (Lair:4)
  3 meliai (D:13)
  5 tyrant leeches
  2 wind drakes (shapeshifter)
  A hornet (D:7)
  Prince Ribbit (D:7)
  17 blink frogs
  14 slime creatures
  A centaur simulacrum (D:14)
  4 wyverns
  4 shadows
  2 vampires
  A wyvern (shapeshifter) (D:9)
  4 fire elementals (Lair:1)
  9 basilisks
  39 yaks
  7 wraiths
  A hog (shapeshifter) (D:14)
  14 vampire mosquitoes
  A basilisk (shapeshifter) (D:14)
  3 steam dragons
  4 wargs (Orc:2)
  Menkaure (D:7)
  A swamp worm (Swamp:1)
  2 acid dragons
  11 water moccasins
  Duvessa (D:7)
  An ice beast (D:4)
  22 orc warriors
  A sky beast (D:5)
  A black bear (Lair:2)
  2 necrophages
  10 centaurs
  10 ogres
  4 wolves (Lair:3)
  2 phantoms (D:5)
  3 lemures (D:7)
  9 kobold brigands
  18 bullfrogs
  2 gnoll sergeants
  3 wyvern zombies
  A water moccasin skeleton (D:5)
  Dowan (D:7)
  13 killer bees
  4 howler monkeys
  12 jellies
  2 electric eels (Bailey)
  A bullfrog zombie (D:5)
  A crimson imp (D:9)
  3 centaur zombies
  15 orc priests
  2 centaur skeletons
  2 hounds
  3 iguanas
  38 orc wizards
  A killer bee zombie (D:5)
  A hound zombie (D:5)
  2 human simulacra (D:10)
  4 howler monkey zombies
  12 adders
  11 gnolls
  A shadow imp (D:7)
  A white imp (D:5)
  An adder skeleton (D:4)
  3 dart slugs
  4 worms
  71 orcs
  6 ball pythons
  6 bats
  3 endoplasms
  4 giant cockroaches
  12 goblins
  17 hobgoblins
  3 jackals (D:1)
  2 quokkas
  5 frilled lizards
  30 kobolds
  4 rats
  A butterfly (Lair:2)
719 creatures vanquished.

Vanquished Creatures (collateral kills)
  An eleionoma (Swamp:1)
  The ghost of pkoi the Destroyer, a journeyman DgCj (Lair:2)
  A hydra (Lair:6)
  3 elephants (Lair:3)
  5 cane toads
  2 komodo dragons (Lair:6)
  5 blink frogs
  3 tyrant leeches
  7 yaks
  A water moccasin (Lair:3)
  3 bullfrogs
  3 jellies (Lair:6)
35 creatures vanquished.

Vanquished Creatures (others)
  A bloated husk (Swamp:1)
  A human (D:4)
  An orc wizard (Orc:2)
  8 foxfires (Swamp:1)
  25 fungi
  103 plants
139 creatures vanquished.

Grand Total: 893 creatures vanquished

Notes
Turn   | Place    | Note
-------+----------+-------------------------------------------
     0 | D:1      | Icepheonix32 the Demonspawn Ice Elementalist began the
                  | quest for the Orb.
     0 | D:1      | Reached XP level 1. HP: 13/13 MP: 3/3
   202 | D:1      | Reached skill level 4 in Ice Magic
   214 | D:1      | Gained mutation: Spells you cast may paralyse adjacent
                  | enemies. [demonic ancestry]
   214 | D:1      | Reached XP level 2. HP: 4/19 MP: 1/5
   586 | D:1      | Found a faded altar of an unknown god.
  1342 | D:1      | Gained mutation: You have sharp fingernails. [demonic
                  | ancestry]
  1342 | D:1      | Reached XP level 3. HP: 24/24 MP: 6/6
  1593 | D:1      | Found Imerasen's Book Emporium.
  2950 | D:2      | Learned a level 3 spell: Ozocubu's Armour
  3071 | D:3      | Reached XP level 4. HP: 30/30 MP: 7/7
  3203 | D:3      | Reached skill level 5 in Ice Magic
  3357 | D:3      | Noticed an ogre
  3365 | D:3      | Killed an ogre
  3366 | D:3      | Gained mutation: You are partially covered in sharp spines.
                  | [demonic ancestry]
  3366 | D:3      | Reached XP level 5. HP: 19/35 MP: 6/8
  3374 | D:3      | Learned a level 3 spell: Frozen Ramparts
  3971 | D:4      | Found an ancient bone altar of Kikubaaqudgha.
  4051 | D:4      | Noticed an ice beast
  4061 | D:4      | Killed an ice beast
  4062 | D:4      | Gained mutation: You are mostly covered in sharp spines.
                  | [demonic ancestry]
  4062 | D:4      | Reached XP level 6. HP: 41/41 MP: 3/9
  4508 | D:4      | Reached skill level 5 in Stealth
  4616 | D:4      | Found Doprai's Antique Weapon Shoppe.
  4711 | D:4      | Found a staircase to the Ecumenical Temple.
  4810 | D:4      | Noticed a human
  4811 | D:4      | Killed a human
  4844 | D:5      | Entered Level 5 of the Dungeon
  4860 | D:5      | Reached skill level 6 in Ice Magic
  4860 | D:5      | Reached XP level 7. HP: 40/46 MP: 10/10
  4948 | D:5      | Noticed a steam dragon
  4956 | D:5      | Killed a steam dragon
  5706 | D:5      | Gained mutation: You are robust. (+10% HP) [demonic
                  | ancestry]
  5706 | D:5      | Reached XP level 8. HP: 46/57 MP: 5/11
  5715 | D:5      | Reached skill level 7 in Ice Magic
  6623 | D:6      | Reached skill level 8 in Ice Magic
  6626 | D:6      | Gained mutation: You are partially covered in large bone
                  | plates. (SH +4) [demonic ancestry]
  6626 | D:6      | Reached XP level 9. HP: 54/62 MP: 10/12
  6756 | D:6      | Found a snail-covered altar of Cheibriados.
  7013 | D:7      | Noticed Joseph
  7023 | D:7      | Killed Joseph
  7040 | D:7      | Noticed Duvessa
  7040 | D:7      | Noticed Dowan
  7045 | D:7      | Killed Duvessa
  7125 | D:7      | Killed Dowan
  7131 | D:7      | Noticed Menkaure
  7133 | D:7      | Found a flagged portal.
  7138 | D:7      | Killed Menkaure
  7208 | Bailey   | Entered a bailey
  7502 | Bailey   | Reached skill level 9 in Ice Magic
  7686 | Bailey   | Noticed a kobold demonologist
  7690 | Bailey   | Noticed an orc knight
  7695 | Bailey   | Killed an orc knight
  7703 | Bailey   | Killed a kobold demonologist
  7725 | Bailey   | Reached XP level 10. HP: 67/69 MP: 13/13
  7763 | Bailey   | Learned a level 4 spell: Hailstorm
  7781 | Bailey   | Noticed an orc knight
  8036 | Bailey   | Killed an orc knight
  8037 | Bailey   | Reached skill level 10 in Stealth
  8040 | Bailey   | Found an iron altar of Okawaru.
  8042 | Bailey   | Noticed an orc sorcerer
  8061 | Bailey   | Noticed an orc knight
  8068 | Bailey   | Killed an orc knight
  8072 | Bailey   | Killed an orc sorcerer
  8073 | Bailey   | Reached skill level 1 in Slings
  8088 | Bailey   | Identified the +1 robe "Nanaw" {Str+3}
  8202 | Bailey   | Reached skill level 5 in Dodging
  8220 | Bailey   | Acquired a Trismegistus Codex
  8222 | Bailey   | Acquired 1024 gold pieces
  8613 | D:7      | Reached skill level 1 in Fighting
  8613 | D:7      | Reached skill level 10 in Ice Magic
  8641 | D:7      | Identified the +2 quarterstaff "Mergh" {freeze, rElec rPois
                  | Int-2}
  8641 | D:7      | Noticed Pikel
  8665 | D:7      | Killed Pikel
  8666 | D:7      | Reached skill level 1 in Conjurations
  9020 | D:7      | Noticed Prince Ribbit
  9037 | D:7      | Killed Prince Ribbit
  9038 | D:7      | Reached skill level 1 in Short Blades
  9211 | D:7      | Noticed Maggie
  9220 | D:7      | Killed Maggie
  9683 | D:8      | Noticed a deep elf pyromancer
  9691 | D:8      | Killed a deep elf pyromancer
  9692 | D:8      | Reached XP level 11. HP: 66/77 MP: 13/17
  9832 | D:8      | Noticed Harold
  9843 | D:8      | Killed Harold
  9875 | D:8      | Learned a level 5 spell: Freezing Cloud
 10112 | D:8      | Found Qiazimno's Antique Weapon Boutique.
 10125 | D:8      | Bought an iridescent dagger for 126 gold pieces
 10125 | D:8      | Identified the +5 dagger "Urafoleo" {vorpal, rN+ Str-3
                  | Int+2 Dex+3} (You bought it in a shop on level 8 of the
                  | Dungeon)
 10503 | D:9      | Found a staircase to the Lair.
 10553 | D:9      | Reached skill level 11 in Ice Magic
 10610 | D:9      | Found a runed translucent door.
 10611 | D:9      | Found a runed translucent door.
 10611 | D:9      | Noticed a deep elf pyromancer
 10617 | D:9      | Killed a deep elf pyromancer
 10690 | D:9      | Found a runed translucent door.
 10690 | D:9      | Found a runed translucent door.
 10690 | D:9      | Found a runed translucent door.
 10690 | D:9      | Noticed a harpy
 10690 | D:9      | Noticed a green ugly thing
 10690 | D:9      | Noticed a tengu warrior
 10752 | D:9      | Found a staircase to the Orcish Mines.
 10757 | D:9      | Found Lomuetet's General Store.
 10761 | D:9      | Noticed Erica
 10781 | D:9      | Killed Erica
 10782 | D:9      | Reached skill level 5 in Spellcasting
 11006 | D:9      | Bought a scroll of identify for 28 gold pieces
 11006 | D:9      | Bought 2 scrolls of identify for 56 gold pieces
 11156 | D:9      | Noticed a wizard
 11161 | D:9      | Cast into level 2 of the Abyss (a wizard)
 11177 | D:9      | Escaped the Abyss
 11195 | D:9      | Killed a wizard
 11307 | D:9      | Killed a tengu warrior
 11312 | D:9      | Killed a green ugly thing
 11533 | D:9      | Noticed a red ugly thing
 11536 | D:9      | Identified the ring of Scepticism {rN+ Will+ Str+6}
 11536 | D:9      | Noticed a centaur warrior
 11542 | D:9      | Killed a red ugly thing
 11543 | D:9      | Reached skill level 12 in Ice Magic
 11545 | D:9      | Killed a centaur warrior
 11552 | D:9      | Reached XP level 12. HP: 22/85 MP: 4/21
 12089 | D:9      | Identified the +8 chain mail "Quoxyq" {rElec rN+ Int+4}
 12359 | D:10     | Entered Level 10 of the Dungeon
 13526 | Temple   | Entered the Ecumenical Temple
 13734 | Temple   | Became a worshipper of Uskayaw the Reveller
 13869 | D:5      | Learned a level 6 spell: Simulacrum
 13980 | Orc:1    | Entered Level 1 of the Orcish Mines
 13987 | Orc:1    | Reached * piety under Uskayaw
 14051 | Orc:1    | Noticed Maurice
 14060 | Orc:1    | Killed Maurice
 14060 | Orc:1    | Reached ** piety under Uskayaw
 14061 | Orc:1    | Reached skill level 1 in Invocations
 14280 | Orc:2    | Entered Level 2 of the Orcish Mines
 14280 | Orc:2    | Found Noejagih's Armour Boutique.
 14302 | Orc:2    | Reached skill level 5 in Conjurations
 14332 | Orc:1    | Reached skill level 1 in Necromancy
 14393 | Orc:1    | Reached *** piety under Uskayaw
 14447 | Orc:2    | Noticed an ettin
 14454 | Orc:2    | Killed an ettin
 14473 | Orc:2    | Bought a +1 pair of boots for 172 gold pieces
 14504 | Orc:2    | Noticed an orc high priest
 14511 | Orc:2    | Killed an orc high priest
 14527 | Orc:2    | Reached **** piety under Uskayaw
 14528 | Orc:2    | Reached ***** piety under Uskayaw
 14732 | Orc:1    | Found Viuheiqi's Weapon Shop.
 15495 | Orc:2    | Found a staircase to the Elven Halls.
 15806 | Orc:2    | Reached skill level 13 in Ice Magic
 16210 | Orc:2    | Found Qina's Jewellery Boutique.
 16217 | Orc:2    | Found Jienairch's Antique Armour Shop.
 16382 | Orc:2    | Found a radiant altar of Vehumet.
 16385 | Orc:2    | Noticed an ogre mage
 16397 | Orc:2    | Killed an ogre mage
 16415 | Orc:2    | Reached XP level 13. HP: 91/93 MP: 12/24
 16453 | Orc:2    | Noticed Rupert
 16742 | Orc:2    | Killed Rupert
 17076 | Orc:2    | Found Belligiv's Distillery.
 17081 | Orc:2    | Reached skill level 1 in Throwing
 17081 | Orc:2    | Found Nelin's Antique Weapon Shop.
 17126 | Orc:2    | Found an ancient bone altar of Kikubaaqudgha.
 17195 | Orc:2    | Bought a potion of cancellation for 120 gold pieces
 17195 | Orc:2    | Bought a potion of haste for 150 gold pieces
 17195 | Orc:2    | Bought 2 potions of curing for 90 gold pieces
 17195 | Orc:2    | Bought a potion of curing for 45 gold pieces
 17195 | Orc:2    | Bought a potion of attraction for 45 gold pieces
 17620 | D:1      | Bought a book of Vapours for 132 gold pieces
 17624 | D:1      | Learned a level 2 spell: Corpse Rot
 17767 | Lair:1   | Entered Level 1 of the Lair of Beasts
 18059 | Lair:1   | Reached skill level 1 in Air Magic
 18160 | Lair:1   | You fall into a shaft and drop 1 floor!
 18533 | Lair:1   | Found a transporter.
 18562 | Lair:1   | Found a transporter.
 18991 | Lair:2   | Found a transporter.
 19888 | Lair:2   | Found a hole to the Spider Nest.
 20001 | Lair:2   | Found a transporter.
 20003 | Lair:2   | Noticed pkoi's ghost (journeyman DgCj)
 20021 | Lair:2   | Found a staircase to the Swamp.
 20293 | Lair:2   | Learned a level 3 spell: Mephitic Cloud
 20498 | Lair:3   | Reached skill level 5 in Invocations
 20502 | Lair:3   | Reached skill level 1 in Poison Magic
 21293 | Lair:4   | Reached skill level 5 in Necromancy
 21299 | Lair:4   | Reached ****** piety under Uskayaw
 21471 | Lair:4   | Reached skill level 14 in Ice Magic
 21503 | Lair:4   | Found a transporter.
 21510 | Lair:4   | Noticed amijlee's ghost (journeyman DDFi)
 21516 | Lair:4   | Gained mutation: You have very sharp fingernails. [demonic
                  | ancestry]
 21516 | Lair:4   | Reached XP level 14. HP: 83/100 MP: 24/26
 21525 | Lair:4   | Found a transporter.
 21754 | Lair:4   | Noticed Josephine
 21763 | Lair:4   | Killed Josephine
 22153 | Lair:4   | Identified the ring "Daiff" {Str+5 Int-3 Dex+6}
 22543 | Lair:5   | Learned a level 4 spell: Dispel Undead
 23115 | Lair:5   | Identified the +6 falchion of Temperance {vorpal, rElec
                  | rPois Will+ Dex-4}
 23131 | Lair:6   | Entered Level 6 of the Lair of Beasts
 24022 | Lair:6   | Found a transporter.
 24356 | Lair:6   | Found a staircase to the Slime Pits.
 24476 | Lair:6   | Found a transporter.
 24482 | Lair:6   | Found a bloodstained altar of Trog.
 24486 | Lair:6   | Noticed Comi's ghost (journeyman TeBe)
 25601 | Lair:4   | Killed amijlee's ghost
 25602 | Lair:4   | Gained mutation: You are mostly covered in large bone
                  | plates. (SH +6) [demonic ancestry]
 25602 | Lair:4   | Reached XP level 15. HP: 58/107 MP: 22/28
 25986 | Lair:2   | Killed pkoi's ghost
 25987 | Lair:2   | Reached skill level 15 in Ice Magic
 26853 | D:11     | Reached skill level 10 in Spellcasting
 28594 | D:12     | You fall into a shaft and drop 1 floor!
 28876 | D:12     | Noticed Jorgrun
 28895 | D:12     | Killed Jorgrun
 30346 | D:14     | Found a gate to the Vaults.
 30611 | D:14     | Reached skill level 10 in Invocations
 30917 | D:15     | Entered Level 15 of the Dungeon
 30938 | D:15     | Found a shimmering altar of Xom.
 31036 | D:15     | Reached skill level 5 in Short Blades
 31045 | D:15     | Reached skill level 1 in Shields
 31411 | D:15     | Found Vupic's Antique Armour Shoppe.
 31543 | D:15     | Gained mutation: Spells you cast may paralyse nearby
                  | enemies. [demonic ancestry]
 31543 | D:15     | Reached XP level 16. HP: 116/116 MP: 30/30
 31857 | D:15     | Found a staircase to the Depths.
 32505 | Swamp:1  | Entered Level 1 of the Swamp
 32532 | Swamp:1  | HP: 3/116 [will-o-the-wisp/foxfire (25)]
 32690 | Swamp:1  | Noticed a thorn hunter
 33270 | Swamp:1  | Slain by a spriggan rider

Illustrated notes

Levels and vault maps discovered:
D:1:      ncdulo_wetmaze, layout_loops_cross, ebering_ecumenical_altar_hall,
          serial_shops, shop, minmay_3d_cube
D:2:      layout_loops_cross, serial_co_window_serial,
          co_window_of_opportunity_a, co_window_corner_a, co_window_paths_a,
          co_window_paths_a, co_window_of_opportunity_a, co_window_corner_ca,
          co_window_2corner, co_window_2corner, co_window_4corner_b,
          glass_columns_a, glass_columns_a, glass_columns_b, glass_columns_a,
          glass_columns_a
D:3:      layout_loops_cross
D:4:      layout_basic, tgw_kikubaaqudgha, temple_statues, serial_shops,
          nicolae_shop_waterfront
D:5:      layout_basic, minmay_liquid_box
D:6:      layout_basic, chei_slow_surprise, feat_on_display
D:7:      layout_loops_cross, enter_bailey_5, uniq_menkaure, uniq_joseph,
          uniq_duvessa, uniq_pikel, uniq_prince_ribbit1, uniq_maggie
D:8:      lemuel_ratsnest, layout_cave_pools, serial_shops,
          nicolae_shop_competitors_out_of_business, uniq_harold
D:9:      minmay_the_grid_triangle_9x9_rhombus_full
          [minmay_the_grid_triangle_9x9_tough_junction,
          minmay_the_grid_triangle_9x9_steps,
          minmay_the_grid_triangle_9x9_minimal,
          minmay_the_grid_triangle_9x9_fully_insulated_deathbox,
          minmay_the_grid_triangle_9x9_flanged_cone,
          minmay_the_grid_triangle_9x9_descending_squares,
          minmay_the_grid_triangle_9x9_zippers_vertical,
          minmay_the_grid_triangle_9x9_prize_schism], layout_rooms, orc_0_dummy,
          serial_shops, shop, lightli_wizard_tower, uniq_erica
D:10:     layout_loops_corners, bh_circular_ruins
D:11:     layout_gridville
D:12:     minmay_skewed_foursquare, layout_loops_corners,
          minmay_variable_closet, uniq_jorgrun
D:13:     layout_loops_ring
D:14:     layout_irregular_city, lightli_vaults_fourway_checkpoint,
          chequers_serial_rivers_micro_d
D:15:     hangedman_depths_entry_try_elsewhere_first, layout_irregular_city,
          minmay_misc_feat_secret_circle, serial_shops,
          nicolae_shop_behind_doors, brannock_xom_greatest_gift
Temple:   mainiacjoe_temple_big_plus
Lair:1:   gammafunk_cloud_chamber, layout_regular_city, fungi_pond_lemuel,
          serial_bayou_shore_b
Lair:2:   layout_chaotic_city, swamp_mist, nicolae_spider_entry_orb_guardian,
          nzn_ghost_randoct, lemuel_fruit_fields, serial_bayou_shore_b
Lair:3:   layout_hall_layers, serial_bayou_crossing, grunt_megastairs_2
Lair:4:   minmay_lair_venomous_thicket, layout_loops_ring,
          gammafunk_ghost_arena, grunt_megastairs_5, uniq_josephine
Lair:5:   hellmonk_ruined_rings, layout_loops_ring
Lair:6:   minmay_lair_end_frog_pond, layout_regular_city,
          minmay_slime_entry_jelly_boxes, gammafunk_ghost_wrathful_warriors,
          serial_bayou_shore_a
Swamp:1:  layout_basic_swamp, evilmike_swamp_ruin_house_3
Orc:1:    layout_diamond_mine, serial_shops, nicolae_shop_bloodbath_and_beyond,
          basic_altar, uniq_maurice
Orc:2:    kennysheep_orc_mage_school, layout_caves, serial_shops, shop,
          uniq_rupert

Skill      XL: |  1  2  3  4  5  6  7  8  9 10 11 12 13 14 15 16 |
---------------+-------------------------------------------------+-----
Ice Magic      | 4 5 6 8 9 10 12 13 14 15 | 15.8
Stealth        | 2 3 4 5 6 8 9 10 11 12 13 | 13.8
Dodging        | 2 3 4 5 6 7 |  7.1
Slings         | 1 |  1.7
Fighting       | 1 2 3 4 |  4.2
Spellcasting   | 4 6 7 8 9 10 | 10.5
Conjurations   | 2 4 5 |  5.8
Short Blades   | 1 2 3 4 5 |  5.1
Invocations    | 3 5 8 10 | 10.7
Necromancy     | 3 5 7 9 |  9.3
Throwing       | 1 |  1.3
Air Magic      | 2 |  2.6
Poison Magic   | 2 |  2.2
Shields        | 1 |  1.5
Evocations     | |  0.6

Action                   |  1- 3 |  4- 6 |  7- 9 | 10-12 | 13-15 | 16-18 || total
-------------------------+-------+-------+-------+-------+-------+-------++-------
Melee: Short sword       |    27 |       |       |       |       |       ||    27
       Punch             |     3 |     1 |     4 |     4 |     7 |       ||    19
       Rapier            |    74 |    62 |    77 |     5 |       |       ||   218
       Dagger            |       |       |    47 |   340 |   693 |    67 ||  1147
 Fire: Hunting sling     |       |       |    15 |     7 |     8 |       ||    30
Throw: Dart              |       |       |       |     9 |    18 |       ||    27
       Boomerang         |       |       |       |     7 |    10 |     2 ||    19
 Cast: Freeze            |    36 |    10 |     9 |    43 |    42 |     8 ||   148
       Ozocubu's Armour  |       |    16 |    23 |    63 |    56 |     8 ||   166
       Frozen Ramparts   |       |       |    15 |    50 |    59 |     3 ||   127
       Hailstorm         |       |       |       |     8 |     4 |     2 ||    14
       Freezing Cloud    |       |       |       |     2 |    14 |     3 ||    19
       Simulacrum        |       |       |       |       |    37 |     1 ||    38
       Corpse Rot        |       |       |       |       |     3 |       ||     3
       Dispel Undead     |       |       |       |       |     4 |       ||     4
Evoke: Wand              |       |       |       |       |     3 |       ||     3
       Phantom mirror    |       |       |       |       |     1 |       ||     1
  Use: Scroll            |     4 |       |     6 |    14 |     9 |     2 ||    35
       Potion            |       |       |       |     4 |     6 |     3 ||    13
 Stab: Sleeping          |     7 |     4 |    12 |    18 |    52 |     5 ||    98
       Paralysed         |     4 |    17 |    27 |    71 |   110 |     6 ||   235
       Distracted        |       |       |       |     2 |     3 |     2 ||     7
       Invisible         |       |       |       |     1 |       |       ||     1
Armor: Robe              |    50 |    17 |     2 |       |     6 |       ||    75
       Steam dragon scal |       |       |    57 |   136 |   224 |    36 ||   453
       Skin              |       |       |       |     1 |       |       ||     1
Dodge: Dodged            |    77 |    36 |    74 |   195 |   340 |    52 ||   774
Block: Other             |       |       |    12 |    44 |    93 |       ||   149
       Buckler           |       |       |       |       |    73 |    49 ||   122
